 Dungeon Crawl Stone Soup version 0.30-a0-557-ge2afbf3030 (webtiles) character file.

Game seed: 5113887954837559642

86 tilp the Shield-Bearer (level 5, 0/46 HPs)
             Began as a Meteoran Fighter on Dec 27, 2022.
             Slain by a river rat (2 damage)
             ... in a sewer.
             The game lasted 00:04:29 (665 turns).

tilp the Shield-Bearer (Meteoran Fighter)            Turns: 665, Time: 00:04:30

Health: 0/46       AC:  7    Str: 17    XL:     5   Next: 7%
Magic:  6/6        EV: 10    Int:  9    God:
Gold:   70         SH:  5    Dex: 16    Spells: 4/4 levels left

rFire   . . .      SeeInvis .    a - +1 long sword
rCold   . . .      Faith    .    c - +0 buckler
rNeg    . . .      Spirit   .    b - +0 scale mail
rPois   +          Reflect  .    (no helmet)
rElec   .          Harm     .    (no cloak)
rCorr   .          Rampage  .    (no gloves)
Will    .....                    (no boots) Stlth
                                 (no amulet)
HPRegen 0.27/turn                f - ring of poison resistance
MPRegen 0.10/turn                (no ring)

@: mighty, glowing
A: sense surroundings 1, otherworldly, glowing, explore regen
a: no special abilities


You were in a sewer.
You visited 1 branch of the dungeon, and saw 4 of its levels.
You also visited: Sewer.

You collected 70 gold pieces.

Inventory:

Hand Weapons
 a - a +1 long sword (weapon)
Missiles
 e - 22 stones
 l - 12 poisoned darts (quivered)
Armour
 b - a +0 scale mail (worn)
 c - a +0 buckler (worn)
Jewellery
 f - a ring of poison resistance (left hand)
 h - a ring of ice
Scrolls
 j - a scroll of teleportation {unknown}
 k - a scroll of enchant weapon
 m - 2 scrolls of identify
 n - a scroll of magic mapping {unknown}
 o - a scroll of torment {unknown}
Potions
 g - a potion of cancellation
 i - a potion of curing {unknown}
 p - a potion of magic {unknown}
 q - 2 potions of invisibility {unknown}


   Skills:
 + Level 3.7 Fighting
 + Level 3.1 Long Blades
 - Level 4.0 Armour
 * Level 2.7 Dodging
 + Level 1.0 Stealth
 - Level 4.0 Shields


You had 4 spell levels left.
You didn't know any spells.
Your spell library was empty.

Dungeon Overview and Level Annotations

Branches:
Dungeon (4/15) Zot: 1953    Sewer (1/1) Zot: 267
 Temple: D:4-7

Altars:

Shops:
D:2 :


Innate Abilities, Weirdness & Mutations

You passively map a small area around you.
You are easily found by Zot.
You glow in the dark.
You regain HP and MP as you explore.


Message History

The river rat attacks as you move away! The river rat bites you.
* * * LOW HITPOINT WARNING * * *
You hit the river rat.
The river rat is almost dead.
The river rat closely misses you.
You barely miss the river rat.
The river rat is almost dead.
The river rat bites you but does no damage. x2
The river rat bites you!
* * * LOW HITPOINT WARNING * * *
The river rat bites you but does no damage.
You block the river rat's attack. The river rat bites you.
* * * LOW HITPOINT WARNING * * *
Unknown command.
You feel very mighty all of a sudden. The river rat barely misses you.
The river rat bites you.
* * * LOW HITPOINT WARNING * * *
You block the river rat's attack.
Unknown command.
You barely miss the river rat.
The river rat is almost dead.
You block the river rat's attack. The river rat closely misses you.
You block the river rat's attack.
You slash the river rat!
You kill the river rat!
The river rat bites you but does no damage. x2
Your Stealth skill increases to level 1!
You have reached level 5!
You closely miss the river rat. You block the river rat's attack. x2
The river rat barely misses you. The river rat closely misses you.
You closely miss the river rat. The river rat barely misses you.
You block the river rat's attack.
You barely miss the river rat. The river rat bites you.
* * * LOW HITPOINT WARNING * * *
The river rat closely misses you.
Unknown command.
You slice the river rat!!
You kill the river rat!
The river rat bites you.
You die...

#~≈~# #### * *
#.≈~# #∩∩# ~
#.≈~# #..# ~
#~≈.####..#**
#~≈~##.#..#
#~≈.##.'..+, ~
~ #.≈~##.†..+ ,
#~≈~#*,#††# ~ *
#~≈~# #@r#**
#~≈~# #..# * *
,
#~≈~####..###*
~ *
#~≈~##.#..#.#
,~, ~
#~≈~##!'..'.#*
*
#~≈~##.'..'.#*,
#~≈.##?#..#.# ~
~#
#.≈.####..###*~
.# #†≈.# #~.#
≈~#


You could see a river rat.

Vanquished Creatures
  2 adders
  3 river rats (Sewer)
  5 worms
  An orc (D:3)
  2 giant cockroaches (Sewer)
  2 goblins
  2 jackals (Sewer)
  5 quokkas
  4 ball pythons
  4 bats
  2 frilled lizards
  5 kobolds
  3 rats
40 creatures vanquished.

Notes
Turn   | Place    | Note
-------+----------+-------------------------------------------
     0 | D:1      | tilp the Meteoran Fighter began the quest for the Orb.
     0 | D:1      | Reached XP level 1. HP: 19/19 MP: 2/2
   103 | D:2      | Found Queh's Book Shoppe.
   159 | D:3      | Reached XP level 2. HP: 19/26 MP: 3/3
   199 | D:3      | Reached skill level 1 in Dodging
   230 | D:3      | Reached XP level 3. HP: 31/31 MP: 4/4
   384 | D:3      | Found a glowing drain.
   408 | Sewer    | Entered a sewer
   455 | Sewer    | Reached XP level 4. HP: 38/38 MP: 5/5
   659 | Sewer    | HP: 2/40 [river rat (3)]
   662 | Sewer    | Reached skill level 1 in Stealth
   662 | Sewer    | Reached XP level 5. HP: 3/46 MP: 6/6
   664 | Sewer    | HP: 1/46 [river rat (3)]
   665 | Sewer    | Slain by a river rat

Illustrated notes

Levels and vault maps discovered:
D:1:      tarquinn_simple_flora_water_e, layout_basic,
          dreamdust_ecumenical_altar_hidden_monk_grotto, dk_noncrumbling_4
D:2:      layout_loops_ring, serial_shops, nicolae_shop_statue_plus,
          minmay_pentomino_s4
D:3:      layout_basic, gup_sewer_entry_bubbles
D:4:      layout_basic, serial_shops, shop, uniq_crazy_yiuf_cottage,
          uniq_duvessa, uniq_sigmund
Sewer:    sewer_fruit_machine

Skill      XL: |  1  2  3  4 |
---------------+-------------+-----
Dodging        | 1 2 |  2.7
Shields        | 4 |  4.0
Armour         | 4 |  4.0
Long Blades    | 3 |  3.1
Stealth        | 1 |  1.0
Fighting       | |  3.7

Action                   |  1- 3 |  4- 6 || total
-------------------------+-------+-------++-------
Melee: Long sword        |    86 |    48 ||   134
Throw: Dart              |     6 |       ||     6
  Use: Scroll            |     3 |       ||     3
       Potion            |       |     1 ||     1
Armor: Scale mail        |    24 |    27 ||    51
Dodge: Dodged            |    25 |    26 ||    51
Block: Buckler           |     6 |    22 ||    28

Table legend: (Time is in decaauts)
 A = Elapsed time spent in this place.
 B = Non-inter-level travel time spent in this place.
 C = Inter-level travel time spent in this place.
 D = Time resting spent in this place.
 E = Time spent auto-exploring this place.
 F = Levels seen in this place.
 G = Mean time per level.
                   A        B        C        D        E       F      G
               +--------+--------+--------+--------+--------+-----+--------+
         Total |    778 |    778 |      0 |      0 |      0 |   5 |  155.6 |
       Dungeon |    446 |    446 |      0 |      0 |      0 |   4 |  111.5 |
         Sewer |    331 |    331 |      0 |      0 |      0 |   1 |  331.0 |
               +--------+--------+--------+--------+--------+-----+--------+

Top non-repeatable levels by time:
   Sewer: 331 daAuts
     D:3: 288 daAuts
     D:2: 114 daAuts
     D:1: 42 daAuts
     D:4: 1 daAuts
